 Dungeon Crawl Stone Soup version 0.29-a0-919-gd064cfad1c (webtiles) character file.

Game seed: 10695248686932480609

174 xian the Sneak (level 5, 0/32 HPs)
             Began as a Gargoyle Brigand on July 27, 2022.
             Slain by a lemure (5 damage)
             ... led by Pikel
             ... on level 4 of the Dungeon.
             The game lasted 00:06:36 (2384 turns).

xian the Sneak (Gargoyle Brigand)                   Turns: 2384, Time: 00:06:38

Health: 0/32       AC: 10    Str: 14    XL:     5   Next: 54%
Magic:  5/5        EV: 11    Int: 12    God:
Gold:   132        SH:  0    Dex: 13    Spells: 4/4 levels left

rFire   . . .      SeeInvis .   a - +2 dagger
rCold   . . .      Faith    .   (no shield)
rNeg    + . .      Spirit   .   o - +0 leather armour
rPois   ∞          Reflect  .   (no helmet)
rElec   +          Harm     .   c - +0 cloak
rCorr   .          Rampage  .   (no gloves)
Will    .....                   g - +1 pair of boots
Stlth   +++.......              (no amulet)
HPRegen 0.10/turn               (no ring)
MPRegen 0.09/turn               (no ring)

@: no status effects
A: sickness immunity, AC +4, negative energy resistance 1, electricity
resistance, torment resistance 1, petrification resistance
a: no special abilities


You were on level 4 of the Dungeon.
You visited 1 branch of the dungeon, and saw 5 of its levels.

You collected 132 gold pieces.

Inventory:

Hand Weapons
 a - a +2 dagger (weapon)
Missiles
 d - 4 poisoned darts (quivered)
 e - 3 curare-tipped darts
 m - 3 boomerangs
Armour
 c - a +0 cloak (worn)
 g - a +1 pair of boots (worn)
 h - a +0 plate armour
 o - a +0 leather armour (worn)
Scrolls
 b - a scroll of poison
 i - a scroll of torment
 j - a scroll of silence
 l - a scroll of magic mapping {unknown}
 p - 2 scrolls of butterflies {unknown}
 q - a scroll of noise {unknown}
Potions
 f - 2 potions of brilliance {unknown}
 k - a potion of curing {unknown}
 n - a potion of might {unknown}


   Skills:
 + Level 2.8 Fighting
 + Level 2.8 Short Blades
 + Level 2.4 Throwing
 + Level 1.1 Armour
 + Level 1.4 Dodging
 + Level 5.7 Stealth


You had 4 spell levels left.
You didn't know any spells.
Your spell library contained the following spells:

 Spells                   Type           Power      Damage    Failure   Level
 Iskenderun's Battlesphe  Conj           0%         2d6       100%        5
 Iron Shot                Conj/Erth      0%         9d1       100%        6
 Spellforged Servitor     Conj/Summ      0%         N/A       100%        7


Dungeon Overview and Level Annotations

Branches:
Dungeon (5/15)
 Temple: D:4-7

Altars:


Innate Abilities, Weirdness & Mutations

You are immune to sickness and miasma.
Your stone body is resilient. (AC +4)
You are immune to poison.
You resist negative energy. (rN+)
You are resistant to electric shocks. (rElec)
You are resistant to unholy torment.
You are immune to petrification.


Message History

The black bear barely misses you. x2
The black bear claws you but does no damage.
The lemure hits you but does no damage. The black bear bites you.
The black bear closely misses you. x2
You hit the black bear.
The black bear is almost dead.
The black bear bites you.
The black bear claws you but does no damage. x2
The lemure closely misses you.
You barely miss the black bear.
The black bear is almost dead.
The black bear bites you! The black bear closely misses you.
The black bear claws you but does no damage.
The lemure closely misses you.
You hit the black bear.
The black bear is almost dead.
The black bear bites you but does no damage.
The black bear claws you but does no damage. x2
The black bear barely misses you. x2; The black bear claws you.
The lemure hits you but does no damage.
Unknown command.
You hit the black bear.
You kill the black bear!
Your Armour skill increases to level 1!
You have reached level 5!
The lemure hits you.
Okay, then.
The lemure barely misses you.
You start removing your armour.
You continue taking off your +0 leather armour.
The lemure hits you.
Keep disrobing?
* * * LOW HITPOINT WARNING * * *
You continue taking off your +0 leather armour.
The lemure barely misses you.
You continue taking off your +0 leather armour.
The lemure hits you but does no damage.
You continue taking off your +0 leather armour.
The lemure hits you.
You die...

......÷..[<#
########.###
#.#.# #.#
#.#.# #.#
#.#.# #5#
#.#.# #.#
#.#.# #.###
#.#.#
#...###.#.#
#.......#@#
.....#.....5.#
##########.#.#
#####


You could see a lemure.

Vanquished Creatures
  A black bear (D:4)
  A gnoll (D:1)
  An adder (D:2)
  2 dart slugs (D:1)
  3 orcs
  5 endoplasms
  A giant cockroach (D:1)
  5 goblins
  6 hobgoblins
  4 jackals (D:4)
  A kobold (D:3)
  A quokka (D:1)
  5 ball pythons
  4 bats
  6 frilled lizards
  8 rats
54 creatures vanquished.

Notes
Turn   | Place    | Note
-------+----------+-------------------------------------------
     0 | D:1      | xian the Gargoyle Brigand began the quest for the Orb.
     0 | D:1      | Reached XP level 1. HP: 12/12 MP: 1/1
   195 | D:1      | Reached XP level 2. HP: 7/18 MP: 2/2
   523 | D:1      | Reached skill level 1 in Dodging
   589 | D:1      | Reached skill level 5 in Stealth
   589 | D:1      | Reached XP level 3. HP: 9/22 MP: 3/3
  1539 | D:2      | Reached XP level 4. HP: 27/27 MP: 4/4
  2327 | D:4      | Noticed a lemure
  2330 | D:4      | Noticed a lemure
  2330 | D:4      | Noticed a lemure
  2347 | D:5      | Entered Level 5 of the Dungeon
  2347 | D:5      | Noticed a necrophage
  2368 | D:4      | Noticed a black bear
  2378 | D:4      | Killed a black bear
  2379 | D:4      | Reached skill level 1 in Armour
  2379 | D:4      | Reached XP level 5. HP: 14/32 MP: 5/5
  2384 | D:4      | Slain by a lemure

Illustrated notes

Levels and vault maps discovered:
D:1:      dpeg_arrival_line_fractal, layout_basic
D:2:      layout_basic
D:3:      layout_loops_cross, serial_shops, nicolae_shop_advertising_works
          [nicolae_subvault_shop_adworks], shop, grunt_ministairs_14
D:4:      layout_basic, lemuel_round_altar, temple_doors_e, uniq_pikel
D:5:      layout_rooms, chequers_temple_overflow_statue_of_worship,
          kennysheep_diamond

Skill      XL: |  1  2  3  4 |
---------------+-------------+-----
Short Blades   | 2 |  2.8
Dodging        | 1 |  1.4
Throwing       | 2 |  2.4
Stealth        | 5 |  5.7
Armour         | 1 |  1.1
Fighting       | |  2.8

Action                   |  1- 3 |  4- 6 || total
-------------------------+-------+-------++-------
Melee: Dagger            |    70 |    69 ||   139
       Punch             |     2 |     1 ||     3
Throw: Dart              |    23 |    19 ||    42
  Use: Scroll            |     3 |     2 ||     5
 Stab: Sleeping          |     9 |     7 ||    16
Armor: Robe              |    17 |       ||    17
       Leather armour    |    11 |    31 ||    42
Dodge: Dodged            |    34 |    63 ||    97

Table legend: (Time is in decaauts)
 A = Elapsed time spent in this place.
 B = Non-inter-level travel time spent in this place.
 C = Inter-level travel time spent in this place.
 D = Time resting spent in this place.
 E = Time spent auto-exploring this place.
 F = Levels seen in this place.
 G = Mean time per level.
                   A        B        C        D        E       F      G
               +--------+--------+--------+--------+--------+-----+--------+
         Total |   2363 |   2335 |     28 |      0 |   1711 |   5 |  472.6 |
       Dungeon |   2363 |   2335 |     28 |      0 |   1711 |   5 |  472.6 |
               +--------+--------+--------+--------+--------+-----+--------+

Top non-repeatable levels by time:
     D:1: 1169 daAuts
     D:2: 737 daAuts
     D:4: 355 daAuts
     D:3: 99 daAuts
     D:5: 1 daAuts
